 Dungeon Crawl Stone Soup version 0.22.1-1-ga44c0e5 (webtiles) character file.

32228 empire the Timeless (level 13, -3/113 HPs)
             Began as a Minotaur Fighter on Sept 30, 2018.
             Was a High Priest of Cheibriados.
             Slain by a purple ugly thing (11 damage)
             ... summoned by an orange crystal statue
             ... on level 15 of the Dungeon on Oct 25, 2018.
             The game lasted 00:38:33 (12959 turns).

empire the Timeless (Minotaur Fighter)             Turns: 12959, Time: 00:38:34

Health: -3/113     AC: 24    Str: 37      XL:     13   Next: 30%
Magic:  13/19      EV: 21    Int: 16 (20) God:    Cheibriados [*****.]
Gold:   964        SH:  0    Dex: 26      Spells: 12/12 levels left

rFire    + . .     SeeInvis +   a - +8 long sword "Cemmepn" {drain, +Fly rC+}
rCold    + + +     Gourm    .   c - +0 shield
rNeg     . . .     Faith    .   R - +1 plate armour of the Shore {*Corrode rC+ MR++ SInv} (curse)
rPois    +         Spirit   .   (helmet restricted)
rElec    +         Reflect  .   K - +0 cloak
rCorr    +         Harm     .   q - +0 pair of gloves
MR       ++...                  x - +1 pair of boots
Stlth    ..........             (no amulet)
HPRegen  0.28/turn              P - +5 ring of evasion
MPRegen  0.16/turn              p - +4 ring of protection

@: confused, resistant, studying Maces & Flails, very slow
A: retaliatory headbutt, horns 2
a: Bend Time, Temporal Distortion, Slouch, Step From Time, Renounce Religion,
Evoke Flight


You were on level 15 of the Dungeon.
You worshipped Cheibriados.
Cheibriados was extremely pleased with you.
You were very hungry.

You visited 2 branches of the dungeon, and saw 16 of its levels.

You collected 1173 gold pieces.
You spent 209 gold pieces at shops.

Inventory:

Hand Weapons
 a - the +8 long sword "Cemmepn" (weapon) {drain, +Fly rC+}
   (You found it on level 5 of the Dungeon)

   A truly terrible weapon, it drains the life of those it strikes.
   It protects you from cold.
   It lets you fly.
 b - a +0 arbalest of flaming
 l - the cursed +3 short sword "Joij" {vamp, +Rage MR- Str+6 Stlth+, unknown}
   (You found it on level 15 of the Dungeon)

   It inflicts no extra harm, but heals its wielder when it wounds a living foe.
   It affects your strength (+6).
   It affects your resistance to hostile enchantments.
   It lets you go berserk.
   It makes you more stealthy.
   It has a curse placed upon it.
 L - the +4 scimitar "Homnecei" {holy, rPois MP+9}
   (You found it on level 13 of the Dungeon)

   It has been blessed by the Shining One to cause great damage to the undead
   and demons.
   It protects you from poison.
   It affects your magic capacity (+9).
Armour
 c - a +0 shield (worn)
 q - a +0 pair of gloves (worn)
 x - a +1 pair of boots (worn)
 K - a +0 cloak (worn)
 R - the cursed +1 plate armour of the Shore (worn) {*Corrode rC+ MR++ SInv}
   (You found it on level 13 of the Dungeon)

   It protects you from cold.
   It affects your resistance to hostile enchantments.
   It lets you see invisible.
   It may corrode you when you take damage.
   It has a curse placed upon it.
Magical Staves
 t - an uncursed staff of power {unknown}
 I - an uncursed staff of summoning {unknown}
Jewellery
 g - an uncursed ring of flight
 p - a +4 ring of protection (right hand)
 u - an uncursed ring of positive energy {unknown}
 w - the amulet "Tofu" {Inacc rPois rC+++ Int-3 Stlth-, unknown}
   (You found it on level 15 of the Dungeon)

   [amulet of inaccuracy]

   It reduces the accuracy of all your attacks.
   It affects your intelligence (-3).
   It renders you almost immune to cold.
   It protects you from poison.
   It makes you less stealthy.
 P - a +5 ring of evasion (left hand)
 Y - an uncursed ring of see invisible
Wands
 v - a wand of digging (15)
 y - a wand of acid (28)
 O - a wand of flame (52)
Scrolls
 e - 3 scrolls of enchant armour
 h - 3 scrolls of fear {unknown}
 i - 8 scrolls of amnesia {unknown}
 m - 3 scrolls of noise {unknown}
 n - 7 scrolls of remove curse {unknown}
 r - 2 scrolls of random uselessness {unknown}
 F - 2 scrolls of blinking {unknown}
 H - 3 scrolls of magic mapping {unknown}
 J - 3 scrolls of fog {unknown}
 M - a scroll of enchant weapon {unknown}
 N - 7 scrolls of teleportation {unknown}
 X - a scroll of acquirement {unknown}
Potions
 d - 3 potions of might
 k - a potion of mutation
 s - a potion of resistance
 z - 2 potions of cancellation
 A - 7 potions of curing
 B - 3 potions of heal wounds {unknown}
 C - 2 potions of magic {unknown}
 D - a potion of degeneration {unknown}
 E - 3 potions of haste {unknown}
 G - 3 potions of lignification {unknown}
 W - a potion of brilliance {unknown}
Books
 j - a manual of Maces & Flails
Miscellaneous
 T - a phial of floods
 V - a lightning rod (4/4)
Comestibles
 f - 33 rations


   Skills:
 - Level 10.0 Fighting
 - Level 10.0 Long Blades
 - Level 10.0 Armour
 - Level 10.0 Dodging
 - Level 10.0 Shields
 + Level 10.2 Invocations
 + Level 9.4 Evocations


You had 12 spell levels left.
You didn't know any spells.
Your spell library contained the following spells:

 Spells                   Type           Power        Failure   Level  Hunger
 Apportation              Tloc           #.....       94%         1    ##.....
 Magic Dart               Conj           #...         94%         1    ##.....
 Summon Butterflies       Summ           #.......     94%         1    ##.....
 Summon Small Mammal      Summ           #...         94%         1    ##.....
 Blink                    Tloc           N/A          98%         2    ###....
 Call Imp                 Summ           #.......     98%         2    ###....
 Poisonous Vapours        Pois/Air       #.....       98%         2    ###....
 Searing Ray              Conj           #.....       98%         2    ###....
 Slow                     Hex            #.......     98%         2    ###....
 Call Canine Familiar     Summ           #.......     100%        3    ####...
 Conjure Flame            Conj/Fire      #.......     100%        3    ####...
 Dazzling Spray           Conj/Hex       #.....       100%        3    ####...
 Lesser Beckoning         Tloc           #.........   100%        3    ####...
 Mephitic Cloud           Conj/Pois/Air  #.......     100%        3    ####...
 Summon Guardian Golem    Hex/Summ       #.......     100%        3    ####...
 Tukima's Dance           Hex            #.......     100%        3    ####...
 Force Lance              Conj/Tloc      #.......     100%        4    #####..
 Fulminant Prism          Conj/Hex       #.........   100%        4    #####..
 Iskenderun's Mystic Bla  Conj           #.......     100%        4    #####..
 Summon Ice Beast         Ice/Summ       #.......     100%        4    #####..
 Summon Lightning Spire   Summ/Air       #.......     100%        4    #####..
 Alistair's Intoxication  Tmut/Pois      #.......     100%        5    ######.
 Freezing Cloud           Conj/Ice/Air   #.........   100%        6    #######
 Invisibility             Hex            #.......     100%        6    #######
 Ring of Flames           Chrm/Fire      #.........   100%        7    #######


Dungeon Overview and Level Annotations

Branches:
Dungeon (15/15)            Temple (1/1) D:5            Lair (0/6) D:10
    Orc (0/2) D:11         Vaults (0/5) D:14         Depths (0/5) D:15

Altars:
Ashenzari
Cheibriados
Dithmenos
Elyvilon
Fedhas
Gozag
Hepliaklqana
Kikubaaqudgha
Makhleb
Nemelex Xobeh
Okawaru
Qazlal
Ru
Sif Muna
Trog
Uskayaw
Vehumet
Wu Jian
Xom
Yredelemnul
Zin
The Shining One

Shops:
D:8 =   D:13 *

Portals:
Trove: D:12 (give 7 potions of agility)

Annotations:
D:15 exclusion: orange crystal statue


Innate Abilities, Weirdness & Mutations

You reflexively headbutt those who attack you in melee.
You have a pair of horns on your head.


Message History

You hit the two-headed ogre.
You kill the two-headed ogre!
The two-headed ogre's corpse dissolves into shadows!
You block the red ugly thing's attack.
The cyan ugly thing basks in the mutagenic energy from its kin and changes!
The purple ugly thing gores you.
* * * LOW HITPOINT WARNING * * *
The purple ugly thing closely misses you.
You riposte.
You slash the purple ugly thing!
Your headbutt misses the purple ugly thing.
The purple ugly thing is almost dead.
You are confused.
You feel invigorated. The red ugly thing misses you.
The purple ugly thing gores you!
* * * LOW HITPOINT WARNING * * *
The purple ugly thing misses you.
You bump into the rock wall.
The red ugly thing barely misses you.
The purple ugly thing barely misses you.
The purple ugly thing pecks you!
You die...

######..........# ###
*u..............####.#
.########............#
.#......#............#
##......#........#####
........#........#
####....#.......O#
...'....#.....)uu#
...#....'.....uu@#
...#....'........###
...+....#.#####....#
####....#.# #....#
........#.# #....#
........+.# #....#
........#.#####....#
##''#+###..........#
...................##


You could see 4 ugly things and an ogre.

Vanquished Creatures
  Rupert (D:13)
  Agnes (D:14)
  A fire giant (D:15)
  An entropy weaver (shapeshifter) (D:14)
  Josephine (D:15)
  2 hydras
  Erolcha (D:10)
  3 centaur warriors
  A death knight (D:14)
  A tengu warrior (D:15)
  2 unseen horrors
  3 orc knights
  An ugly thing (D:12)
  A manticore (D:15)
  A cyclops (D:12)
  The ghost of Ymberto the Transmogrifier, a novice OpTm of Gozag (D:6)
  3 yaktaurs (D:15)
  2 tengu conjurers (D:13)
  A freezing wraith (D:14)
  5 trolls
  6 hippogriffs
  3 shadows
  A water elemental (D:14)
  5 wraiths
  A spriggan (D:7)
  2 wyverns
  10 yaks (D:9)
  A human (D:11)
  4 hungry ghosts
  A basilisk (D:15)
  A steam dragon (D:10)
  7 vampire mosquitoes
  A warg (D:11)
  2 soldier ants
  5 orc warriors
  An ice beast (D:6)
  6 sky beasts
  An eye of draining (D:10)
  4 phantoms
  10 ogres
  4 centaurs
  14 bullfrogs
  4 scorpions
  A wyvern skeleton (D:14)
  11 killer bees
  8 wights
  7 howler monkeys
  3 bullfrog zombies
  6 crimson imps
  7 hounds
  2 quasits (D:9)
  2 centaur zombies
  4 jellies
  9 orc priests
  A gnoll shaman (D:8)
  3 centaur skeletons
  3 iguanas
  18 orc wizards
  9 worker ants
  Terence (D:2)
  A worker ant zombie (D:6)
  12 gnolls
  3 howler monkey skeletons
  11 adders
  2 oozes
  An adder skeleton (D:4)
  4 worms
  A dart slug (D:3)
  5 leopard geckos
  51 orcs
  A ball python (D:3)
  5 bats
  9 giant cockroaches
  9 goblins
  6 hobgoblins
  5 jackals
  6 kobolds
  7 quokkas
  7 frilled lizards
  A jackal zombie (D:9)
  A quokka zombie (D:7)
  6 rats
  A plant (D:14)
377 creatures vanquished.

Vanquished Creatures (others)
  A plant (D:14)
1 creature vanquished.

Grand Total: 378 creatures vanquished

Notes
Turn   | Place    | Note
-------+----------+-------------------------------------------
     0 | D:1      | empire the Minotaur Fighter began the quest for the Orb.
     0 | D:1      | Reached XP level 1. HP: 19/19 MP: 0/0
   115 | D:1      | Reached XP level 2. HP: 24/27 MP: 1/1
   668 | D:2      | Reached XP level 3. HP: 26/34 MP: 2/2
   943 | D:2      | Found a white marble altar of Elyvilon.
   951 | D:2      | Reached XP level 4. HP: 36/41 MP: 3/3
  1119 | D:2      | Noticed Terence
  1135 | D:2      | Killed Terence
  1425 | D:3      | Reached skill level 5 in Long Blades
  1430 | D:3      | Reached XP level 5. HP: 12/47 MP: 4/4
  1700 | D:3      | Found a sacrificial altar of Ru.
  1860 | D:3      | Found a stormy altar of Qazlal.
  2147 | D:4      | Noticed an ogre
  2150 | D:4      | Killed an ogre
  2150 | D:4      | Reached XP level 6. HP: 53/53 MP: 5/5
  2229 | D:4      | Found a glowing golden altar of the Shining One.
  2300 | D:4      | Found a burning altar of Makhleb.
  2301 | D:4      | Found a shimmering altar of Xom.
  2344 | D:4      | Found a hide-covered altar of Uskayaw.
  2350 | D:4      | Noticed a hand axe
  2350 | D:4      | Noticed a hand axe
  2559 | D:4      | Found a basalt altar of Yredelemnul.
  2623 | D:4      | Found a bloodstained altar of Trog.
  2648 | D:4      | Reached XP level 7. HP: 59/60 MP: 6/6
  2952 | D:5      | Entered Level 5 of the Dungeon
  3014 | D:5      | Found a shadowy altar of Dithmenos.
  3014 | D:5      | Found a hazy altar of Hepliaklqana.
  3040 | D:5      | Found a staircase to the Ecumenical Temple.
  3074 | Temple   | Entered the Ecumenical Temple
  3256 | Temple   | Became a worshipper of Cheibriados the Contemplative
  3407 | D:5      | Reached skill level 5 in Armour
  3407 | D:5      | Reached skill level 5 in Shields
  3589 | D:5      | Found an opulent altar of Gozag.
  3631 | D:5      | Noticed a wraith
  3655 | D:5      | Killed a wraith
  3655 | D:5      | Reached XP level 8. HP: 19/67 MP: 7/7
  3688 | D:5      | Got a twisted long sword
  4282 | D:6      | Found a runed door.
  4287 | D:6      | Noticed Ymberto's ghost (novice OpTm)
  4299 | D:6      | Killed Ymberto's ghost
  4330 | D:6      | Reached * piety under Cheibriados
  4356 | D:6      | Reached skill level 1 in Dodging
  4409 | D:6      | Found an ancient bone altar of Kikubaaqudgha.
  4425 | D:6      | Reached skill level 5 in Fighting
  4845 | D:7      | Reached XP level 9. HP: 54/75 MP: 8/8
  4999 | D:7      | Reached ** piety under Cheibriados
  5616 | D:8      | Identified the +8 long sword "Cemmepn" {drain, +Fly rC+}
                  | (You found it on level 5 of the Dungeon)
  5767 | D:8      | Reached skill level 5 in Dodging
  6072 | D:8      | Found Rots's Jewellery Shop.
  6165 | D:9      | Reached *** piety under Cheibriados
  6208 | D:9      | Found a sparkling altar of Nemelex Xobeh.
  6441 | D:9      | Reached XP level 10. HP: 39/90 MP: 9/9
  6671 | D:9      | Reached **** piety under Cheibriados
  6929 | D:9      | Found an ornate altar of the Wu Jian Council.
  7066 | D:10     | Entered Level 10 of the Dungeon
  7134 | D:10     | Noticed a centaur warrior
  7145 | D:10     | Killed a centaur warrior
  7208 | D:10     | Noticed Erolcha
  7216 | D:10     | Killed Erolcha
  7216 | D:10     | Reached XP level 11. HP: 97/97 MP: 10/10
  7261 | D:10     | Found a staircase to the Lair.
  7293 | D:10     | Reached ***** piety under Cheibriados
  7328 | D:10     | Found the +7 great mace "Undeadhunter" {disrupt, rN+}
  7375 | D:10     | Noticed an orc knight
  7384 | D:10     | Killed an orc knight
  7893 | D:10     | Noticed an orc knight
  7899 | D:10     | Killed an orc knight
  8238 | D:11     | Reached skill level 10 in Fighting
  8249 | D:11     | Reached skill level 10 in Armour
  8249 | D:11     | Reached skill level 10 in Shields
  8281 | D:11     | Found a staircase to the Orcish Mines.
  8285 | D:11     | Reached skill level 10 in Long Blades
  8296 | D:11     | Reached skill level 10 in Dodging
  8344 | D:11     | Reached skill level 1 in Invocations
  8344 | D:11     | Reached skill level 1 in Evocations
  8379 | D:11     | Got a scorched ring mail
  8653 | D:12     | Noticed a cyan ugly thing
  8656 | D:12     | Killed a cyan ugly thing
  9364 | D:12     | Found a portal to a secret trove of treasure.
  9418 | D:13     | Found Qobiuh's Assorted Antiques.
  9419 | D:13     | Found a bloodstained altar of Trog.
  9426 | D:13     | Bought a viscous cyan potion for 27 gold pieces
  9426 | D:13     | Bought a scroll labeled CIHED XOWKELE for 31 gold pieces
  9426 | D:13     | Bought a scroll labeled MULUAPSENU for 31 gold pieces
  9426 | D:13     | Bought a fuming puce potion for 27 gold pieces
  9426 | D:13     | Bought a scroll labeled EXEARH EJIDI for 31 gold pieces
  9426 | D:13     | Bought a scroll labeled HOOFET ROLAH for 31 gold pieces
  9426 | D:13     | Bought a scroll labeled CIHED XOWKELE for 31 gold pieces
  9451 | D:13     | Got a translucent scimitar
  9452 | D:13     | Identified the +4 scimitar "Homnecei" {holy, rPois MP+9}
                  | (You found it on level 13 of the Dungeon)
  9487 | D:13     | Killed an unseen horror
  9501 | D:13     | Reached ****** piety under Cheibriados
  9503 | D:13     | Reached skill level 5 in Invocations
  9542 | D:13     | Noticed a centaur warrior
  9551 | D:13     | Reached XP level 12. HP: 99/106 MP: 13/15
  9562 | D:13     | Killed a centaur warrior
  9562 | D:13     | Reached skill level 5 in Evocations
  9604 | D:13     | Noticed Rupert
  9616 | D:13     | Killed Rupert
 10019 | D:13     | Got a heavily runed plate armour
 10030 | D:13     | Identified the cursed +1 plate armour of the Shore
                  | {*Corrode rC+ MR++ SInv} (You found it on level 13 of the
                  | Dungeon)
 10196 | D:14     | Noticed Agnes
 10205 | D:14     | Killed Agnes
 10281 | D:14     | Noticed a death knight
 10306 | D:14     | Killed a death knight
 10899 | D:14     | Noticed an eight-headed hydra
 10904 | D:14     | Noticed an entropy weaver
 10904 | D:14     | a swamp worm changed into an entropy weaver
 10905 | D:14     | Killed a 13-headed hydra
 10910 | D:14     | Killed an entropy weaver
 10918 | D:14     | Found a gate to the Vaults.
 11125 | D:15     | Entered Level 15 of the Dungeon
 11177 | D:15     | Noticed a tengu warrior
 11187 | D:15     | Killed a tengu warrior
 11242 | D:15     | Noticed a five-headed hydra
 11243 | D:15     | Noticed a two-headed ogre
 11313 | D:15     | Found a staircase to the Depths.
 11313 | D:15     | Noticed a fire giant
 11324 | D:15     | Reached XP level 13. HP: 82/113 MP: 17/19
 11447 | D:15     | Killed a fire giant
 12088 | D:15     | Got a jewelled short sword
 12104 | D:15     | Noticed Josephine
 12115 | D:15     | Killed Josephine
 12168 | D:15     | Reached skill level 10 in Invocations
 12916 | D:15     | Got a glittering zirconium amulet
 12958 | D:15     | HP: 4/113 [purple ugly thing[an orange crystal statue] (8)]
 12959 | D:15     | Slain by a purple ugly thing

Skill      XL: |  1  2  3  4  5  6  7  8  9 10 11 12 13 |
---------------+----------------------------------------+-----
Armour         | 4 6 8 9 10 | 10.0
Shields        | 4 6 8 9 10 | 10.0
Fighting       | 4 5 8 9 10 | 10.0
Long Blades    | 3 4 5 7 8 9 10 | 10.0
Dodging        | 3 6 9 10 | 10.0
Invocations    | 5 9 10 | 10.2
Evocations     | 4 8 9 |  9.4

Action                   |  1- 3 |  4- 6 |  7- 9 | 10-12 | 13-15 || total
-------------------------+-------+-------+-------+-------+-------++-------
Melee: Long sword        |    53 |    19 |    73 |   416 |   106 ||   667
       Headbutt          |     9 |    25 |    67 |   154 |    55 ||   310
       Falchion          |       |   122 |   211 |       |       ||   333
Invok: Slouch            |       |       |       |       |     3 ||     3
  Use: Scroll            |       |       |     7 |     5 |     3 ||    15
       Potion            |       |       |       |       |     2 ||     2
  Eat: Chunk             |       |     6 |     9 |    13 |     2 ||    30
Armor: Scale mail        |    15 |       |       |       |       ||    15
       Chain mail        |       |    46 |   127 |    91 |       ||   264
       Plate armour      |       |       |       |    96 |    68 ||   164
Dodge: Dodged            |    22 |    24 |    85 |   316 |   160 ||   607
Block: Shield            |    31 |    61 |   169 |   419 |   155 ||   835
       Rpst.: Long sword |     7 |       |     7 |    54 |    23 ||    91
       Falchion          |       |     6 |    10 |       |       ||    16
